| TOP OF THE 1ST |
|
Grand Junction Rockies batting - Pitching for Billings Mustangs : RHP Larry McPhee
|
|
Pitching: RHP Larry McPhee
|
|
|
Batting: LHB Steve Gilliam
|
0-0: Ball 1-0: Called Strike 1-1: Ball 2-1: Ball 3-1: Base on Balls
|
|
Batting: RHB Ray Insley
|
0-0: Ball 1-0: Ball 2-0: Foul Ball, location: 2F 2-1: Called Strike 2-2: Ball 3-2: Base on Balls Steve Gilliam to second
|
|
Batting: LHB Luke Coulter
|
0-0: Called Strike 0-1: Swinging Strike 0-2: Foul Ball, location: 2F 0-2: Foul Ball, location: 2F 0-2: Foul Ball, location: 2F 0-2: Ball 1-2: Fielders Choice at 2nd, 2-4 (Groundball, 15S, EV 60.6 MPH) Steve Gilliam to third
|
|
Batting: SHB Jeff Sorrels
|
0-0: Called Strike 0-1: Ball 1-1: Swinging Strike 1-2: Ball 2-2: Hit by Pitch Luke Coulter to second
|
|
Batting: LHB Harry Folsom
|
0-0: Ball 1-0: Ball 2-0: Ball 3-0: Base on Balls Steve Gilliam scores Luke Coulter to third Jeff Sorrels to second
|
|
Batting: SHB Jamie Mims
|
0-0: Foul Ball, location: 2F 0-1: Called Strike 0-2: Ball Passed Ball! Luke Coulter scores Jeff Sorrels to third Harry Folsom to second 1-2: Ground out 4-3 (Groundball, 4, EV 78.8 MPH) Jeff Sorrels scores Harry Folsom to third
|
|
Batting: RHB Chris Osting
|
0-0: Called Strike 0-1: Ball 1-1: Ball 2-1: Ball 3-1: SINGLE (Line Drive, 8LS, EV 93.1 MPH) Harry Folsom scores
|
|
Batting: RHB Zakhar Edelman
|
0-0: Foul Ball, location: 2F 0-1: Ball 1-1: Ball 2-1: Ball Wild Pitch! Chris Osting to second 3-1: Foul Ball, location: 2F 3-2: Fly out, F8 (Flyball, 8LM, EV 80.6 MPH)
|
| Top of the 1st over - 4 runs, 1 hit, 0 errors, 1 left on base; Grand Junction 4 - Billings 0 |
| BOTTOM OF THE 1ST |
|
Billings Mustangs batting - Pitching for Grand Junction Rockies : RHP Dave Shanks
|
|
Pitching: RHP Dave Shanks
|
|
|
Batting: LHB Jeremy Robertson
|
0-0: Ball 1-0: Called Strike 1-1: Foul Ball, location: 2F 1-2: Strikes out swinging
|
|
Batting: RHB Jake Savell
|
0-0: SOLO HOME RUN (Flyball, 7LD, EV 91.2 MPH), Distance : 334 ft
|
|
Batting: LHB Brian Dickeson
|
0-0: Ball 1-0: Ball 2-0: Called Strike 2-1: Foul Ball, location: 2F 2-2: Ball 3-2: SINGLE (Groundball, 4MD, EV 100.0 MPH)
|
|
Batting: SHB David Garnica
|
0-0: Ball 1-0: Called Strike 1-1: Ball 2-1: Ground out 6-3 (Groundball, 6S, EV 68.8 MPH) Brian Dickeson to second
|
|
Batting: RHB Andy Bachman
|
0-0: Ground out U3 (Groundball, 34, EV 107.5 MPH)
|
| Bottom of the 1st over - 1 run, 2 hits, 0 errors, 1 left on base; Grand Junction 4 - Billings 1 |
| TOP OF THE 2ND |
|
Grand Junction Rockies batting - Pitching for Billings Mustangs : RHP Larry McPhee
|
|
Batting: RHB Randy Breitbart
|
0-0: Foul Ball, location: 2F 0-1: Foul Ball, location: 2F 0-2: Ball 1-2: Fly out, F9 (Flyball, 89S, EV 88.1 MPH)
|
|
Batting: LHB Steve Gilliam
|
0-0: Ball 1-0: Ball 2-0: Called Strike 2-1: Ball 3-1: Base on Balls
|
|
Batting: RHB Ray Insley
|
0-0: 2-RUN HOME RUN (Flyball, 7LD, EV 94.4 MPH), Distance : 344 ft
|
|
Batting: LHB Luke Coulter
|
0-0: Foul Ball, location: 2F 0-1: Ball 1-1: Foul Ball, location: 2F 1-2: Strikes out swinging
|
|
Batting: SHB Jeff Sorrels
|
0-0: Ball 1-0: Ball 2-0: Called Strike 2-1: Ball 3-1: Base on Balls
|
|
Batting: LHB Harry Folsom
|
0-0: Foul Ball, location: 2F 0-1: Ground out 5-3 (Groundball, 56S, EV 86.9 MPH)
|
| Top of the 2nd over - 2 runs, 1 hit, 0 errors, 1 left on base; Grand Junction 6 - Billings 1 |
| BOTTOM OF THE 2ND |
|
Billings Mustangs batting - Pitching for Grand Junction Rockies : RHP Dave Shanks
|
|
Batting: LHB Armando Arellano
|
0-0: Ball 1-0: Called Strike 1-1: Ball 2-1: SOLO HOME RUN (Flyball, 89XD, EV 101.9 MPH), Distance : 398 ft
|
|
Batting: RHB Yutaka Sato
|
0-0: Ball 1-0: Ball 2-0: Ball 3-0: Called Strike 3-1: Ground out 6-3 (Groundball, 6S, EV 83.8 MPH)
|
|
Batting: SHB Gustavo Froio
|
0-0: Ball 1-0: Called Strike 1-1: Ground out 5-3 (Groundball, 56, EV 83.8 MPH)
|
|
Batting: LHB Elijah Benton
|
0-0: Swinging Strike 0-1: Swinging Strike 0-2: Ball 1-2: Ball 2-2: Ball 3-2: Strikes out swinging
|
| Bottom of the 2nd over - 1 run, 1 hit, 0 errors, 0 left on base; Grand Junction 6 - Billings 2 |
| TOP OF THE 3RD |
|
Grand Junction Rockies batting - Pitching for Billings Mustangs : RHP Larry McPhee
|
|
Batting: SHB Jamie Mims
|
0-0: Swinging Strike 0-1: Ball 1-1: Ground out 5-3 (Groundball, 56, EV 110.0 MPH)
|
|
Batting: RHB Chris Osting
|
0-0: Ball 1-0: Ball 2-0: Ball 3-0: SOLO HOME RUN (Line Drive, 7LD, EV 96.2 MPH), Distance : 361 ft
|
|
Pitching: RHP Joe Green
|
|
|
Batting: RHB Zakhar Edelman
|
0-0: SOLO HOME RUN (Line Drive, 78XD, EV 105.6 MPH), Distance : 406 ft
|
|
Batting: RHB Randy Breitbart
|
0-0: Ball 1-0: Called Strike 1-1: Ball 2-1: Foul Ball, location: 2F 2-2: Foul Ball, location: 2F 2-2: Strikes out swinging
|
|
Batting: LHB Steve Gilliam
|
0-0: Swinging Strike 0-1: Called Strike 0-2: Foul Ball, location: 2F 0-2: Ball 1-2: SOLO HOME RUN (Flyball, 7LD, EV 95.0 MPH), Distance : 335 ft
|
|
Batting: RHB Ray Insley
|
0-0: Ball 1-0: Ball 2-0: Called Strike 2-1: DOUBLE (Line Drive, 78XD, EV 103.8 MPH)
|
|
Batting: LHB Luke Coulter
|
0-0: Foul Ball, location: 2F 0-1: Ball 1-1: Ball 2-1: SINGLE (Groundball, 4D, EV 96.2 MPH) Ray Insley to third Runner from 3rd tries for Home, SAFE, throw by RF to home
|
|
Batting: SHB Jeff Sorrels
|
0-0: Called Strike 0-1: Ball 1-1: Ball 2-1: Foul Ball, location: 2F 2-2: Ball 3-2: Strikes out swinging
|
| Top of the 3rd over - 4 runs, 5 hits, 0 errors, 1 left on base; Grand Junction 10 - Billings 2 |
| BOTTOM OF THE 3RD |
|
Billings Mustangs batting - Pitching for Grand Junction Rockies : RHP Dave Shanks
|
|
Batting: LHB Jeremy Robertson
|
0-0: Called Strike 0-1: Ball 1-1: Called Strike 1-2: Ball 2-2: Ground out U3 (Groundball, 34S, EV 79.4 MPH)
|
|
Batting: RHB Jake Savell
|
0-0: Ball 1-0: Ball 2-0: SINGLE (Groundball, 6MD, EV 108.8 MPH) (infield hit)
|
|
Batting: LHB Brian Dickeson
|
0-0: 2-RUN HOME RUN (Line Drive, 89XD, EV 108.8 MPH), Distance : 421 ft
|
|
Batting: SHB David Garnica
|
0-0: Ball 1-0: Called Strike 1-1: Ball 2-1: Foul Ball, location: 2F 2-2: Ball 3-2: Base on Balls
|
|
Batting: RHB Andy Bachman
|
0-0: Swinging Strike 0-1: Ball 1-1: Foul Ball, location: 2F 1-2: Ball 2-2: Ball 3-2: DOUBLE (Line Drive, 78D, EV 100.0 MPH) David Garnica to third
|
|
Batting: LHB Armando Arellano
|
0-0: Fly out, F9 (Flyball, 9LS, EV 75.6 MPH)
|
|
Batting: RHB Yutaka Sato
|
0-0: Swinging Strike 0-1: Foul Ball, location: 2F 0-2: Strikes out swinging
|
| Bottom of the 3rd over - 2 runs, 3 hits, 0 errors, 2 left on base; Grand Junction 10 - Billings 4 |
| TOP OF THE 4TH |
|
Grand Junction Rockies batting - Pitching for Billings Mustangs : RHP Joe Green
|
|
Batting: LHB Harry Folsom
|
0-0: DOUBLE (Flyball, 89D, EV 88.1 MPH)
|
|
Batting: SHB Jamie Mims
|
0-0: Ground out U3 (Groundball, 3, EV 106.2 MPH) Harry Folsom to third
|
|
Batting: RHB Chris Osting
|
0-0: Called Strike 0-1: Ball 1-1: Ball 2-1: Ball 3-1: SINGLE (Groundball, 56D, EV 98.8 MPH) Harry Folsom scores
|
|
Batting: RHB Zakhar Edelman
|
0-0: Ball Chris Osting steals 2nd base 1-0: Ball 2-0: 2-RUN HOME RUN (Flyball, 78XD, EV 105.6 MPH), Distance : 402 ft
|
|
Batting: RHB Randy Breitbart
|
0-0: Ball 1-0: Swinging Strike 1-1: Called Strike 1-2: Strikes out swinging
|
|
Batting: LHB Steve Gilliam
|
0-0: Ball 1-0: Ball 2-0: Ball 3-0: Base on Balls
|
|
Batting: RHB Ray Insley
|
0-0: TRIPLE (Groundball, 5L, EV 106.2 MPH) Steve Gilliam scores
|
|
Pitching: RHP Markus Bevan
|
|
|
Batting: LHB Luke Coulter
|
0-0: 2-RUN HOME RUN (Flyball, 7D, EV 97.5 MPH), Distance : 362 ft
|
|
Batting: SHB Jeff Sorrels
|
0-0: Foul Ball, location: 2F 0-1: Called Strike 0-2: Ball 1-2: TRIPLE (Flyball, 9D, EV 93.8 MPH)
|
|
Batting: LHB Harry Folsom
|
0-0: Ball 1-0: Called Strike 1-1: Fly out, F9 (Flyball, 9LM, EV 93.1 MPH)
|
| Top of the 4th over - 6 runs, 6 hits, 0 errors, 1 left on base; Grand Junction 16 - Billings 4 |
| BOTTOM OF THE 4TH |
|
Billings Mustangs batting - Pitching for Grand Junction Rockies : RHP Dave Shanks
|
|
Batting: SHB Gustavo Froio
|
0-0: DOUBLE (Flyball, 78D, EV 104.4 MPH)
|
|
Batting: LHB Elijah Benton
|
0-0: Foul Ball, location: 2F 0-1: Foul Ball, location: 2F 0-2: Ball 1-2: Strikes out looking
|
|
Batting: LHB Jeremy Robertson
|
0-0: Ball Gustavo Froio is caught stealing 3rd base 2-5 1-0: Fly out, F5 (Popup, 5F, EV 65.6 MPH)
|
| Bottom of the 4th over - 0 runs, 1 hit, 0 errors, 0 left on base; Grand Junction 16 - Billings 4 |
| TOP OF THE 5TH |
|
Grand Junction Rockies batting - Pitching for Billings Mustangs : RHP Markus Bevan
|
|
Batting: SHB Jamie Mims
|
0-0: Ball 1-0: Ball 2-0: Ball 3-0: Fly out, F9 (Flyball, 9, EV 90.0 MPH)
|
|
Batting: RHB Chris Osting
|
0-0: Ball 1-0: Ball 2-0: Called Strike 2-1: Ball 3-1: Fly out, F4 (Popup, 34, EV 73.1 MPH)
|
|
Batting: RHB Zakhar Edelman
|
0-0: Ball 1-0: Ball 2-0: Ball 3-0: Base on Balls
|
|
Batting: RHB Randy Breitbart
|
0-0: Fielders Choice at 2nd, 5-4 (Groundball, 56, EV 79.4 MPH)
|
| Top of the 5th over - 0 runs, 0 hits, 0 errors, 1 left on base; Grand Junction 16 - Billings 4 |
| BOTTOM OF THE 5TH |
|
Billings Mustangs batting - Pitching for Grand Junction Rockies : RHP Dave Shanks
|
|
Batting: RHB Jake Savell
|
0-0: Ball 1-0: Foul Ball, location: 2F 1-1: Ball 2-1: Hit by Pitch
|
|
Batting: LHB Brian Dickeson
|
0-0: Foul Ball, location: 2F 0-1: Swinging Strike 0-2: Ball 1-2: Strikes out swinging
|
|
Batting: SHB David Garnica
|
0-0: Called Strike 0-1: Called Strike Jake Savell steals 2nd, throwing error, E2 Jake Savell to third 0-2: Strikes out looking
|
|
Pitching: RHP Michael Conrad
|
|
|
Batting: RHB Andy Bachman
|
0-0: Ball 1-0: Ball 2-0: Ball 3-0: Base on Balls
|
|
Batting: LHB Armando Arellano
|
0-0: Swinging Strike 0-1: Fly out, F7 (Flyball, 78S, EV 93.8 MPH)
|
| Bottom of the 5th over - 0 runs, 0 hits, 1 error, 2 left on base; Grand Junction 16 - Billings 4 |
| TOP OF THE 6TH |
|
Grand Junction Rockies batting - Pitching for Billings Mustangs : RHP Markus Bevan
|
|
Batting: LHB Steve Gilliam
|
0-0: Foul Ball, location: 2F 0-1: Ground out 4-3 (Groundball, 4, EV 85.0 MPH)
|
|
Batting: RHB Ray Insley
|
0-0: Foul Ball, location: 2F 0-1: Ball 1-1: Ball 2-1: Ball 3-1: Foul Ball, location: 2F 3-2: Foul Ball, location: 2F 3-2: Base on Balls
|
|
Pitching: RHP Mario Gomez
|
|
|
Batting: LHB Luke Coulter
|
0-0: Swinging Strike 0-1: Swinging Strike 0-2: Strikes out swinging
|
|
Batting: SHB Jeff Sorrels
|
0-0: Foul Ball, location: 2F 0-1: Fly out, F7 (Flyball, 7, EV 91.9 MPH)
|
| Top of the 6th over - 0 runs, 0 hits, 0 errors, 1 left on base; Grand Junction 16 - Billings 4 |
| BOTTOM OF THE 6TH |
|
Billings Mustangs batting - Pitching for Grand Junction Rockies : RHP Michael Conrad
|
|
Batting: RHB Yutaka Sato
|
0-0: Ball 1-0: Swinging Strike 1-1: Ball 2-1: Ground out 5-3 (Groundball, 56, EV 83.8 MPH)
|
|
Batting: SHB Gustavo Froio
|
0-0: Called Strike 0-1: SINGLE (Groundball, 4D, EV 109.4 MPH)
|
|
Batting: LHB Elijah Benton
|
0-0: Called Strike Gustavo Froio steals 2nd base 0-1: Ball 1-1: Ball 2-1: Foul Ball, location: 2F 2-2: Ball 3-2: Base on Balls
|
|
Batting: LHB Jeremy Robertson
|
0-0: Ball 1-0: Foul Ball, location: 2F 1-1: Ball Wild Pitch! Gustavo Froio to third Elijah Benton to second 2-1: Ball 3-1: Foul Ball, location: 2F 3-2: Base on Balls
|
|
Batting: RHB Jake Savell
|
0-0: Ball 1-0: Called Strike 1-1: Ball 2-1: Called Strike 2-2: Strikes out swinging
|
|
Pitching: LHP Mike Pierce
|
|
|
Batting: LHB Brian Dickeson
|
0-0: Ball 1-0: Ball 2-0: Called Strike 2-1: Ball 3-1: Foul Ball, location: 2F 3-2: Ground out 4-3 (Groundball, 4, EV 90.6 MPH)
|
| Bottom of the 6th over - 0 runs, 1 hit, 0 errors, 3 left on base; Grand Junction 16 - Billings 4 |
| TOP OF THE 7TH |
|
Grand Junction Rockies batting - Pitching for Billings Mustangs : RHP Mario Gomez
|
|
Pinch Hitting: RHB Andy Rayer
|
0-0: Ball 1-0: Ball 2-0: Ball 3-0: Called Strike 3-1: SOLO HOME RUN (Line Drive, 9D, EV 96.2 MPH), Distance : 381 ft
|
|
Batting: SHB Jamie Mims
|
0-0: Called Strike 0-1: Foul Ball, location: 2F 0-2: Strikes out swinging
|
|
Batting: RHB Chris Osting
|
0-0: Foul Ball, location: 2F 0-1: Foul Ball, location: 2F 0-2: Ball 1-2: Foul Ball, location: 2F 1-2: Ball 2-2: Ball 3-2: Foul Ball, location: 2F 3-2: Fly out, F6 (Popup, 15S, EV 80.6 MPH)
|
|
Batting: RHB Zakhar Edelman
|
0-0: Ball 1-0: Ball 2-0: Ball 3-0: Base on Balls
|
|
Batting: RHB Randy Breitbart
|
0-0: Swinging Strike 0-1: Ball 1-1: Called Strike 1-2: Foul Ball, location: 2F 1-2: Ball 2-2: Foul Ball, location: 2F 2-2: Ball Wild Pitch! Zakhar Edelman to second 3-2: Strikes out swinging
|
| Top of the 7th over - 1 run, 1 hit, 0 errors, 1 left on base; Grand Junction 17 - Billings 4 |
| BOTTOM OF THE 7TH |
|
Billings Mustangs batting - Pitching for Grand Junction Rockies : LHP Mike Pierce
|
|
Now at 2B: Andy Rayer
|
|
|
Batting: SHB David Garnica
|
0-0: Ball 1-0: Ball 2-0: Ball 3-0: Called Strike 3-1: Swinging Strike 3-2: Base on Balls
|
|
Batting: RHB Andy Bachman
|
0-0: Ball David Garnica steals 2nd base (no throw) 1-0: Ball 2-0: Ball Passed Ball! David Garnica to third 3-0: Base on Balls
|
|
Batting: LHB Armando Arellano
|
0-0: Grounds into double play, 4-6-3 (Groundball, 4, EV 93.1 MPH) David Garnica scores
|
|
Batting: RHB Yutaka Sato
|
0-0: Called Strike 0-1: Ball 1-1: Ball 2-1: Ball 3-1: Base on Balls
|
|
Batting: SHB Gustavo Froio
|
0-0: Ground out 6-3 (Groundball, P, EV 77.5 MPH)
|
| Bottom of the 7th over - 1 run, 0 hits, 0 errors, 1 left on base; Grand Junction 17 - Billings 5 |
| TOP OF THE 8TH |
|
Grand Junction Rockies batting - Pitching for Billings Mustangs : RHP Mario Gomez
|
|
Batting: LHB Steve Gilliam
|
0-0: Called Strike 0-1: SINGLE (Line Drive, 4D, EV 101.9 MPH)
|
|
Batting: RHB Ray Insley
|
0-0: Swinging Strike 0-1: Foul Ball, location: 2F 0-2: Foul Ball, location: 2F 0-2: Fly out, F7 (Flyball, 7LS, EV 88.1 MPH)
|
|
Batting: LHB Luke Coulter
|
0-0: Ball 1-0: Fly out, F8 (Flyball, 8LM, EV 83.1 MPH)
|
|
Pitching: LHP Fred Barbour
|
|
|
Batting: SHB Jeff Sorrels
|
0-0: Called Strike 0-1: Ball 1-1: Ball 2-1: Ball 3-1: Foul Ball, location: 2F 3-2: Ground out 4-3 (Groundball, 4, EV 102.5 MPH)
|
| Top of the 8th over - 0 runs, 1 hit, 0 errors, 1 left on base; Grand Junction 17 - Billings 5 |
| BOTTOM OF THE 8TH |
|
Billings Mustangs batting - Pitching for Grand Junction Rockies : LHP Mike Pierce
|
|
Batting: LHB Elijah Benton
|
0-0: Ball 1-0: Ball 2-0: Ball 3-0: Base on Balls
|
|
Batting: LHB Jeremy Robertson
|
0-0: Ball 1-0: Ball 2-0: Swinging Strike 2-1: Ball 3-1: Swinging Strike 3-2: Foul Ball, location: 2F 3-2: Strikes out swinging
|
|
Pitching: RHP Gorgonio Sigua
|
|
|
Batting: RHB Jake Savell
|
0-0: Ball 1-0: Called Strike 1-1: Ball 2-1: Ball 3-1: Base on Balls Elijah Benton to second
|
|
Batting: LHB Brian Dickeson
|
0-0: Foul Ball, location: 2F 0-1: Ball 1-1: Ball 2-1: Ball 3-1: Foul Ball, location: 2F 3-2: 3-RUN HOME RUN (Flyball, 89XD, EV 110.6 MPH), Distance : 405 ft
|
|
Batting: SHB David Garnica
|
0-0: Called Strike 0-1: Ball 1-1: Foul Ball, location: 2F 1-2: Fly out, F7 (Flyball, 7, EV 88.8 MPH)
|
|
Batting: RHB Andy Bachman
|
0-0: Ball 1-0: Ball 2-0: Ball 3-0: Called Strike 3-1: Swinging Strike 3-2: Foul Ball, location: 2F 3-2: DOUBLE (Groundball, 5L, EV 98.1 MPH)
|
|
Batting: LHB Armando Arellano
|
0-0: Ball 1-0: Ground out U3 (Groundball, 3, EV 92.5 MPH)
|
| Bottom of the 8th over - 3 runs, 2 hits, 0 errors, 1 left on base; Grand Junction 17 - Billings 8 |
| TOP OF THE 9TH |
|
Grand Junction Rockies batting - Pitching for Billings Mustangs : LHP Fred Barbour
|
|
Batting: RHB Andy Rayer
|
0-0: Foul Ball, location: 2F 0-1: Ball 1-1: Ball 2-1: Ball 3-1: Foul Ball, location: 2F 3-2: Fly out, F9 (Flyball, 9LS, EV 90.6 MPH)
|
|
Batting: SHB Jamie Mims
|
0-0: Fly out, F9 (Flyball, 89M, EV 97.5 MPH)
|
|
Batting: RHB Chris Osting
|
0-0: Fly out, F4 (Line Drive, 4, EV 75.6 MPH)
|
| Top of the 9th over - 0 runs, 0 hits, 0 errors, 0 left on base; Grand Junction 17 - Billings 8 |
| BOTTOM OF THE 9TH |
|
Billings Mustangs batting - Pitching for Grand Junction Rockies : RHP Gorgonio Sigua
|
|
Batting: RHB Yutaka Sato
|
0-0: Fly out, F8 (Flyball, 8LD, EV 93.8 MPH)
|
|
Pinch Hitting: RHB Al Blanchard
|
0-0: Ground out 4-3 (Groundball, 4, EV 90.6 MPH)
|
|
Batting: LHB Elijah Benton
|
0-0: Ball 1-0: Foul Ball, location: 2F 1-1: Ground out U3 (Groundball, 3L, EV 93.8 MPH)
|
| Bottom of the 9th over - 0 runs, 0 hits, 0 errors, 0 left on base; Grand Junction 17 - Billings 8 |
|